 Dungeon Crawl Stone Soup version 0.13-a0-2484-gc765b08 (webtiles) character file.

88 Rycklaryybbe the Changer (level 3, 0/26 HPs)
             Began as a Merfolk Transmuter on July 20, 2013.
             Slain by Terence
             ... wielding a +0,+0 flail
              (5 damage)
             ... on Level 2 of the Dungeon.
             The game lasted 00:04:12 (1585 turns).

Rycklaryybbe the Changer (Merfolk Transmuter)       Turns: 1585, Time: 00:04:12

HP   0/26        AC  2     Str 10      XL: 3   Next: 20%
MP   1/4         EV 22     Int 12      God:
Gold 58          SH  0     Dex 20      Spells:  2 memorised,  2 levels left

Res.Fire  : . . .   See Invis. : .   e - melded +0 spear
Res.Cold  : . . .   Warding    : .   c - melded +0 robe
Life Prot.: . . .   Conserve   : .   (shield currently unavailable)
Res.Poison: x       Res.Corr.  : .   (helmet currently unavailable)
Res.Elec. : .       Clarity    : .   (cloak currently unavailable)
Sust.Abil.: . .     Spirit.Shd : .   (gloves currently unavailable)
Res.Mut.  : .       Stasis     : .   (boots currently unavailable)
Res.Rott. : .       Flight     : .   (no amulet)
Saprovore : . . .                    l - +1 ring of evasion
                                     f - cursed ring of hunger

@: spider-form (expiring), quick, not resistant to hostile enchantments, fairly
stealthy
A: (change form in water), (swift swim)
a: End Transformation


You were on level 2 of the Dungeon.
You were not hungry.
You were in spider-form.
You visited 1 branch of the dungeon, and saw 2 of its levels.

You collected 38 gold pieces.

Inventory:

Hand weapons
 e - a +0,+0 spear (melded)
Missiles
 b - 69 arrows
 r - 4 poisoned needles
Armour
 c - a +0 robe (melded)
Comestibles
 n - a chunk of ball python flesh
 s - a rotting chunk of bat flesh
Scrolls
 g - 4 scrolls of identify {unknown}
 h - 2 scrolls of blinking {unknown}
 k - a scroll of teleportation {unknown}
 o - a scroll of remove curse {unknown}
 q - a scroll of fear {unknown}
Jewellery
 f - a cursed ring of hunger (left front leg)
 l - a +1 ring of evasion (right front leg)
Potions
 a - a potion of might {unknown}
 i - 3 potions of paralysis {unknown}
 j - a potion of restore abilities {unknown}
 m - a potion of heal wounds {unknown}
 p - a potion of flight {unknown}
Books
 d - a book of Changes

   Spells                             Type                      Level
   *Beastly Appendage                 Transmutation                1
   Sticks to Snakes                   Transmutation                2
   *Spider Form                       Transmutation/Poison         3
   Ice Form                           Ice/Transmutation            4
   Blade Hands                        Transmutation                5


   Skills:
 - Level 1.1 Fighting
 - Level 2.6 Dodging
 - Level 3.8 Unarmed Combat
 - Level 2.0 Spellcasting
 + Level 4.0 Transmutations


You had 2 spell levels left.
You knew the following spells:

 Your Spells              Type           Power        Failure   Level  Hunger
a - Beastly Appendage     Trmt           ##....       17%         1    ##.....
b - Spider Form           Trmt/Pois      #.........   56%         3    ####...


Dungeon Overview and Level Annotations

Branches:
Dungeon (2/27)

Altars:

Annotations
D:2 Terence


Message History

You continue eating.
Terence comes into view.
He is wielding a flail.
Terence shouts!
Terence says, "You're history."
Casting: Beastly Appendage
Confirm with . or Enter, or press ? or * to list all spells.
You turn into a venomous arachnid creature.
Your uncursed spear melds into your body.
Your +0 robe melds into your body.
Terence zaps a wand.
The magic dart hits you!
Terence zaps a wand.
The magic dart hits you!
You hit Terence.
Terence is lightly wounded.
Terence zaps a wand.
The magic dart hits you!
* * * LOW HITPOINT WARNING * * *
You hit Terence but do no damage.
Terence is poisoned.
Terence is lightly wounded.
Your transformation is almost over.
Terence hits you with a flail.
You die...

. . . [ .## #.. #.. #..
#.# .#.#.. #.# #..#.#..
#@# #..#.#.. #s#
#.#..#.#..
#.#######.#..#.##. ###.
#.........#..#.#..
......#.........#..#.#..
##................#.#..
.............>..........
##..#.............#.#.#
#..#..........#....#.#
#. #########.......#.#


You could see Terence.

Vanquished Creatures
  2 oozes (D:1)
  A ball python (D:1)
  5 giant cockroaches (D:1)
  A hobgoblin (D:1)
  4 kobolds (D:1)
  5 bats
  2 giant newts (D:1)
  4 goblins (D:1)
  3 rats (D:1)
27 creatures vanquished.

Notes
Turn   | Place    | Note
--------------------------------------------------------------
     0 | D:1      | Rycklaryybbe, the Merfolk Transmuter, began the quest for the Orb.
     0 | D:1      | Reached XP level 1. HP: 15/15 MP: 1/1
   228 | D:1      | Reached XP level 2. HP: 21/21 MP: 3/3
  1306 | D:1      | Reached XP level 3. HP: 23/26 MP: 4/4
  1425 | D:1      | Reached skill level 4 in Transmutations
  1503 | D:1      | Learned a level 3 spell: Spider Form
  1578 | D:2      | Noticed Terence
  1585 | D:2      | Slain by Terence

Action                   || total
-------------------------++-------
Melee: Spear             ||   141
       Unarmed           ||     8
 Cast: Beastly Appendage ||     2
       Spider Form       ||     1
 Stab: Sleeping          ||     1
